 Dungeon Crawl Stone Soup version 0.28.0 (webtiles) character file.

Game seed: 9914201551921041540

146 Hasart the Skirmisher (level 4, -2/38 HPs)
             Began as a Demigod Fighter on Feb 14, 2022.
             Slain by an ogre (19 damage)
             ... on level 4 of the Dungeon.
             The game lasted 00:04:38 (2910 turns).

Hasart the Skirmisher (Demigod Fighter)             Turns: 2910, Time: 00:04:38

Health: -2/38      AC:  9    Str: 16    XL:     4   Next: 79%
Magic:  6/6        EV: 11    Int:  9    God:
Gold:   168        SH:  6    Dex: 24    Spells: 3/3 levels left

rFire   + . .      SeeInvis .   a - +0 long sword
rCold   . . .      Faith    .   c - +0 buckler
rNeg    + . .      Spirit   .   j - +1 ring mail {rF+}
rPois   +          Reflect  .   (no helmet)
rElec   .          Harm     .   n - +2 ratskin cloak {*Rats rPois rN+ Str-1 Int-1 Dex+1}
rCorr   .          Rampage  .   (no gloves)
Will    .....                   (no boots)
Stlth   +.........              (no amulet)
HPRegen 0.12/turn               k - +6 ring of dexterity
MPRegen 0.10/turn               (no ring)

@: no status effects
A: high MP 1, forlorn, divine attributes
a: no special abilities


You were on level 4 of the Dungeon.
You visited 1 branch of the dungeon, and saw 4 of its levels.

You collected 168 gold pieces.

Inventory:

Hand Weapons
 a - a +0 long sword (weapon)
Armour
 b - a +0 scale mail
 c - a +0 buckler (worn)
 j - a +1 ring mail of fire resistance (worn)
 n - the +2 ratskin cloak (worn) {*Rats rPois rN+ Str-1 Int-1 Dex+1}
   (You found it on level 3 of the Dungeon)

   When the wearer is hurt, rats may emerge from it to assist them.
   Str:       It affects your strength (-1).
   Int:       It affects your intelligence (-1).
   Dex:       It affects your dexterity (+1).
   rPois:     It protects you from poison.
   rN:        It protects you from negative energy.
Jewellery
 k - a +6 ring of dexterity (left hand)
Scrolls
 m - 3 scrolls of identify {unknown}
 o - a scroll of enchant armour {unknown}
 q - a scroll of teleportation {unknown}
Potions
 d - 3 potions of might
 e - 2 potions of haste {unknown}
 g - a potion of resistance {unknown}
 h - 2 potions of curing {unknown}
 i - a potion of degeneration {unknown}
 l - a potion of flight {unknown}
 p - a potion of invisibility {unknown}


   Skills:
 + Level 3.2 Fighting
 * Level 3.0 Long Blades
 + Level 1.3 Throwing
 + Level 3.1 Armour
 + Level 1.3 Dodging
 + Level 3.1 Shields


You had 3 spell levels left.
You didn't know any spells.
Your spell library contained the following spells:

 Spells                   Type           Power      Damage    Failure   Level
 Freeze                   Ice            0%         1d3       69%         1
 Shock                    Conj/Air       0%         1d3       69%         1
 Ignite Poison            Fire/Tmut/Pois 0%         N/A       96%         3
 Swiftness                Air            0%         N/A       96%         3
 Airstrike                Air            0%         N/A       100%        4


Dungeon Overview and Level Annotations

Branches:
Dungeon (4/15)
 Temple: D:4-7


Innate Abilities, Weirdness & Mutations

You have an increased reservoir of magic. (+10% MP)
You shall have no god before yourself.
Your divine heritage dramatically boosts your attributes as you level up.


Message History

No target in view!
No target in view!
No target in view!
No target in view!
No target in view!
No target in view!
No target in view!
No target in view!
You now have 168 gold pieces (gained 12).
An orc and an ogre come into view.
The orc shouts!
There are monsters nearby!
There are monsters nearby!
Throw: 3 darts (poison)
Press: ? - help, Q - select action Shift-Dir - straight line, f - ogre
Aim: an ogre, wielding a +0 giant spiked club (78% to hit)
You throw a poisoned dart. The poisoned dart hits the ogre.
The ogre is poisoned.
You block the ogre's attack.
You hear the slow hiss of a very distant avalanche of sand.
Throw: 2 darts (poison)
Press: ? - help, Q - select action Shift-Dir - straight line, f/p - ogre
Aim: an ogre, wielding a +0 giant spiked club (lightly wounded, poisoned, 78% to hit)
You throw a poisoned dart. The poisoned dart hits the ogre.
The ogre looks even sicker.
The ogre is lightly wounded.
Throw: dart (poison)
Press: ? - help, Q - select action Shift-Dir - straight line, f/p - ogre
Aim: an ogre, wielding a +0 giant spiked club (moderately wounded, poisoned, 78% to hit)
You throw a poisoned dart. The poisoned dart hits the ogre.
The ogre looks even sicker.
The ogre is moderately wounded.
The ogre hits you with a +0 giant spiked club!!
Ouch! That really hurt!
An endoplasm comes into view.
You hit the ogre.
The ogre is severely wounded.
The ogre hits you with a +0 giant spiked club!!
Ouch! That really hurt!
You die...

######.#######.#########
....>..# #.........# .#####.#
#.##.###..####### .#####.#
#......#........# .......#
#.#......######.# ..####.#
#.#.#...## #....# ...#
#.#######.#o##o.####.#..##
#<.###.........#O##..##...#...#
......(#.#)#.###@##...(.#####.#
#..##........# #.######...#...#
#..##.##.#.### #.# ###.#.#.#
#..##.. ..... #.# #...#.###
#..##### ..#.# #J# ##.(.....
#..# .##.# #.# ##.#.### #..# #
#.# #######.#.# #..# #.#
#...o.(.#.# #.#######.#


You could see an ogre (poisoned), an orc and an endoplasm (asleep).

Vanquished Creatures
  Terence (D:2)
  A hound skeleton (D:4)
  2 adders
  5 worms
  A dart slug (D:1)
  4 orcs (D:3)
  5 ball pythons
  5 bats
  6 endoplasms
  2 giant cockroaches
  8 goblins
  7 hobgoblins
  3 jackals (D:3)
  6 kobolds
  6 quokkas
  3 frilled lizards (D:1)
  2 rats
67 creatures vanquished.

Notes
Turn   | Place    | Note
-------+----------+-------------------------------------------
     0 | D:1      | Hasart the Demigod Fighter began the quest for the Orb.
     0 | D:1      | Reached XP level 1. HP: 18/18 MP: 3/3
   149 | D:1      | Reached XP level 2. HP: 21/25 MP: 4/4
   914 | D:2      | Reached XP level 3. HP: 30/30 MP: 5/5
   996 | D:2      | Noticed Terence
  1000 | D:2      | Killed Terence
  1141 | D:2      | Reached skill level 1 in Dodging
  1812 | D:2      | Reached skill level 1 in Throwing
  1812 | D:2      | Reached XP level 4. HP: 38/38 MP: 6/6
  2012 | D:3      | Found the +2 ratskin cloak {*Rats rPois rN+ Str-1 Int-1
                  | Dex+1}
  2586 | D:3      | Got the Tome of Icy Transformation
  2884 | D:4      | Noticed an ogre
  2910 | D:4      | Slain by an ogre

Illustrated notes

Levels and vault maps discovered:
D:1:      heliophobic_arrival_dark_side_of_the_moon, layout_loops_ring,
          basic_ecumenical_altar
D:2:      layout_loops_ring, basic_altar, uniq_terence
D:3:      layout_rooms, roderic_lattice_a
D:4:      layout_loops_ring, enter_ossuary_2, minmay_tree_intersection

Skill      XL: |  1  2  3  4 |
---------------+-------------+-----
Long Blades    | 2 3 |  3.0
Fighting       | 3 |  3.2
Shields        | 3 |  3.1
Dodging        | 1 |  1.3
Throwing       | 1 |  1.3
Armour         | 3 |  3.1

Action                   |  1- 3 |  4- 6 || total
-------------------------+-------+-------++-------
Melee: Long sword        |   125 |    63 ||   188
Throw: Dart              |       |     5 ||     5
 Stab: Sleeping          |     2 |     1 ||     3
Armor: Scale mail        |    42 |       ||    42
       Ring mail         |     9 |    19 ||    28
Dodge: Dodged            |    68 |    29 ||    97
Block: Buckler           |    20 |    13 ||    33
